 Dungeon Crawl Stone Soup version 0.31-a0-1308-ga3cce3a448 (webtiles) character file.

Game seed: 2426997427021310002

37 Sobieck the Conjurer (level 3, -4/19 HPs)
             Began as a Deep Elf Conjurer on Dec 19, 2023.
             Slain by Terence
             ... wielding a +0 trident
              (9 damage)
             ... on level 2 of the Dungeon.
             The game lasted 00:01:10 (1105 turns).

Sobieck the Conjurer (Deep Elf Conjurer)            Turns: 1105, Time: 00:01:10

Health: -4/19      AC:  2    Str:  4    XL:     3   Next: 23%
Magic:  3/10       EV: 12    Int: 24    God:
Gold:   93         SH:  0    Dex: 13    Spells: 6/9 levels left

rFire   . . .        (no weapon)
rCold   . . .        (no shield)
rNeg    . . .        a - +0 robe
rPois   .            (no helmet)
rElec   .            (no cloak)
rCorr   .            (no gloves)
SInv    .            (no boots)
Will    .....        (no amulet)
Stlth   ++           (no ring)
HPRegen 0.23/turn    (no ring)
MPRegen 0.12/turn

%: no passive effects
@: no status effects
A: no striking features
a: no special abilities


You were on level 2 of the Dungeon.
You visited 1 branch of the dungeon, and saw 2 of its levels.

You collected 93 gold pieces.

Inventory:

Armour
 a - a +0 robe (worn)
Scrolls
 c - a scroll of teleportation {unknown}
 d - a scroll of poison {unknown}
Potions
 b - a potion of magic


   Skills:
 - Level 2.4 Dodging
 - Level 2.4 Stealth
 + Level 3.9 Spellcasting
 + Level 4.8 Conjurations
 + Level 2.0 Hexes


You had 6 spell levels left.
You knew the following spells:

 Your Spells              Type           Power      Damage    Failure   Level
a - Magic Dart            Conj           100%       1d8       1%          1
b - Searing Ray           Conj           54%        2d6       1%          2

Your spell library contained the following spells:

 Spells                   Type           Power      Damage    Failure   Level
 Dazzling Flash           Conj/Hex       42%        N/A       7%          3
 Fulminant Prism          Conj/Hex       10%        3d9       24%         4
 Iskenderun's Mystic Bla  Conj/Tloc      16%        2d5       36%         4


Dungeon Overview and Level Annotations

Branches:
Dungeon (2/15)

Altars:

Annotations:
D:2 Terence


Message History

Your Hexes skill increases to level 2!
You climb upwards.
There is a stone staircase leading down here.
You start memorising the spell.
You continue memorising. x2
You finish memorising.
Spell assigned to 'b'.
Unknown command.
Magic restored.
Done exploring.
You climb downwards.
There is a stone staircase leading up here.
Unknown command.
You now have 76 gold pieces (gained 10).
You now have 93 gold pieces (gained 17).
Found a stone staircase leading down.
Unknown command.
Terence the Incautious comes into view.
He is wielding a +0 trident and wearing a +2 chain mail of cold resistance.
Found an escape hatch in the ceiling.
Terence is nearby!
Terence is nearby!
Unknown command.
The magic dart hits Terence but does no damage.
Terence shouts!
Terence looks scornfully at you.
The magic dart hits Terence but does no damage.
A kobold comes into view. It is wielding a +0 short sword.
The magic dart hits Terence.
Terence is moderately wounded.
The kobold shouts!
There is a stone staircase leading up here.
Casting: Magic Dart (safe; 1% risk of failure)
Confirm with . or Enter, or press ? or * to list all spells.
Aiming: Searing Ray (safe; 1% risk of failure)
Press: ? - help, Shift-Dir - straight line, f/p - Terence
Aim: Terence, wielding a +0 trident and wearing a +2 chain mail of cold resistance (moderately wounded, 85% to hit)
The searing ray hits Terence.
Terence is moderately wounded. (Press . to maintain the ray.)
The searing ray hits Terence.
Terence is moderately wounded.
The searing ray hits Terence.
Terence is heavily wounded.
Terence hits you from afar with a +0 trident!
The searing ray hits Terence.
Terence is heavily wounded.
You finish channelling your searing ray.
Terence hits you from afar with a +0 trident!
* * * LOW HITPOINT WARNING * * *
Terence hits you from afar with a +0 trident!
You die...
Terence says, "Rest in peace."

###### .#
......########## ..#
...............#...#
...............#...#
...................#
...................#
.........@..†......#
#.####.............#
#...K@.....#...# #
#.##....##.# #
....##....##.##
..###..........# .
#..........#
#...$......#
............#


You could see Terence and a kobold.

Vanquished Creatures
  An adder (D:2)
  A dart slug (D:1)
  An endoplasm (D:2)
  2 giant cockroaches (D:1)
  4 hobgoblins (D:1)
  4 quokkas (D:1)
  3 ball pythons (D:1)
  2 bats (D:1)
  3 frilled lizards
  A goblin (D:1)
  A kobold (D:1)
  4 rats (D:1)
27 creatures vanquished.

Notes
Turn   | Place    | Note
-------+----------+-------------------------------------------
     0 | D:1      | Sobieck the Deep Elf Conjurer began the quest for the Orb.
     0 | D:1      | Reached XP level 1. HP: 10/10 MP: 6/6
   161 | D:1      | Reached skill level 1 in Hexes
   198 | D:1      | Found a faded altar of an unknown god.
   228 | D:1      | Reached XP level 2. HP: 15/15 MP: 4/8
  1007 | D:2      | Reached XP level 3. HP: 19/19 MP: 5/10
  1016 | D:1      | Learned a level 2 spell: Searing Ray
  1092 | D:2      | Noticed Terence
  1105 | D:2      | Slain by Terence

Illustrated notes

Levels and vault maps discovered:
D:1:      lightli_arrival_maybe_door_vault, layout_loops_ring,
          hellmonk_ecumenical_altar_zigzags, minmay_misc_feat_more_columns,
          minmay_pentomino_x4
D:2:      layout_rooms, palyth_stone_intersect, kennysheep_another_room,
          uniq_terence

Skill      XL: |  1  2  3 |
---------------+----------+-----
Hexes          | 1 2 |  2.0
Dodging        | |  2.4
Stealth        | |  2.4
Spellcasting   | |  3.9
Conjurations   | |  4.8

Action                     || total
---------------------------++-------
   Cast: Magic Dart        ||    53
         Searing Ray       ||     1
 Armour: Robe              ||     7
  Dodge: Dodged            ||     1

Table legend: (Time is in decaauts)
 A = Elapsed time spent in this place.
 B = Non-inter-level travel time spent in this place.
 C = Inter-level travel time spent in this place.
 D = Time resting spent in this place.
 E = Time spent auto-exploring this place.
 F = Levels seen in this place.
 G = Mean time per level.
                   A        B        C        D        E       F      G
               +--------+--------+--------+--------+--------+-----+--------+
         Total |   1105 |   1081 |     24 |      0 |    969 |   2 |  552.5 |
       Dungeon |   1105 |   1081 |     24 |      0 |    969 |   2 |  552.5 |
               +--------+--------+--------+--------+--------+-----+--------+

Top non-repeatable levels by time:
     D:1: 1069 daAuts
     D:2: 36 daAuts
